 Dungeon Crawl Stone Soup version 0.18-a0-1628-g61c6396 (webtiles) character file.

177 Ijustatesigmund the Sneak (level 5, -2/25 HPs)
             Began as a Spriggan Assassin on Mar 25, 2016.
             Slain by a phantom (7 damage)
             ... on level 4 of the Dungeon.
             The game lasted 00:05:31 (3163 turns).

Ijustatesigmund the Sneak (Spriggan Assassin)       Turns: 3163, Time: 00:05:32

Health: -2/25      AC:  4    Str: 12    XL:     5   Next: 31%
Magic:  6/6        EV: 20    Int: 13    God:
Gold:   180        SH:  0    Dex: 18    Spells: 0 memorised, 4 levels left

rFire  . . .     SeeInvis +     i - +1 dagger (venom)
rCold  + . .     Gourm    .     c - +0 robe
rNeg   . . .     Faith    .     (shield restricted)
rPois  .         Spirit   .     (helmet restricted)
rElec  .         Dismiss  .     d - +1 cloak
rCorr  .         Reflect  .     (gloves unavailable)
SustAt .         Harm     .     (boots unavailable)
MR     .....                    (no amulet)
Stlth  ++++......               (no ring)
                                j - ring of protection from cold

@: mighty, very quick, not resistant to hostile enchantments, stealthy
A: unfitting armour, see invisible, herbivore 3, speed 3, slow metabolism 2
a: no special abilities


You were on level 4 of the Dungeon.
You were not hungry.

You visited 1 branch of the dungeon, and saw 4 of its levels.

You collected 180 gold pieces.

Inventory:

Hand Weapons
 a - a +2 dagger
 b - a +1 blowgun
 i - a +1 dagger of venom (weapon)
Missiles
 e - 40 poisoned needles
 f - 2 curare-tipped needles
Armour
 c - a +0 robe (worn)
 d - a +1 cloak (worn)
Jewellery
 j - a ring of protection from cold (left hand)
Wands
 r - a wand of lightning (7/15)
Scrolls
 n - 2 scrolls of remove curse
 q - a scroll of immolation {unknown}
 s - a scroll of identify
 t - 3 scrolls of recharging
 v - a scroll of teleportation
Potions
 k - a potion of agility {unknown}
 l - a potion of mutation
 o - a potion of flight {unknown}
 p - a potion of invisibility {unknown}
 u - a potion of cure mutation {unknown}
Comestibles
 g - a bread ration
 m - a slice of pizza


   Skills:
 - Level 1.5 Fighting
 + Level 3.5 Short Blades
 - Level 2.0 Throwing
 + Level 4.4 Dodging
 + Level 7.9 Stealth


You had 4 spell levels left.
You didn't know any spells.

Dungeon Overview and Level Annotations

Branches:
Dungeon (4/15)
 Temple: D:4-7

Altars:
Nemelex Xobeh
Pakellas

Shops:
D:2 }


Innate Abilities, Weirdness & Mutations

You are tiny and cannot use many weapons and most armour.
You have supernaturally acute eyesight.
You are a herbivore.
You cover ground extremely quickly.
You need consume almost no food.


Message History

The phantom hits you.
The phantom blinks!
You hit the phantom.
The phantom is heavily damaged.
The phantom blinks!
The phantom hits you!
* * * LOW HITPOINT WARNING * * *
You are too injured to fight recklessly!
You are too injured to fight recklessly!
You are too injured to fight recklessly!
You are too injured to fight recklessly!
You are too injured to fight recklessly!
You are too injured to fight recklessly!
You are too injured to fight recklessly!
You are too injured to fight recklessly!
You are too injured to fight recklessly!
You are too injured to fight recklessly!
Drink which item? (? for menu, Esc to quit)
You feel very mighty all of a sudden. The phantom hits you!
You die...

...
#....#
#....#
#....#
#....##
####..#
#....#
##....#
#...W.+
##.@.##
##...#
#....#
##ยง...#
#....#
..
######
.. .


You could see a phantom.

Vanquished Creatures
  An orc wizard (D:2)
  Ijyb (D:3)
  5 adders
  An ooze (D:2)
  7 dart slugs
  A giant gecko (D:1)
  6 orcs (D:3)
  6 bats
  2 giant cockroaches
  8 goblins
  5 hobgoblins
  4 kobolds
  A quokka (D:3)
  A ball python (D:2)
  A giant newt (D:2)
  7 rats
57 creatures vanquished.

Notes
Turn   | Place    | Note
--------------------------------------------------------------
     0 | D:1      | Ijustatesigmund the Spriggan Assassin began the quest for the Orb.
     0 | D:1      | Reached XP level 1. HP: 10/10 MP: 2/2
    33 | D:1      | Reached skill level 6 in Stealth
    97 | D:1      | Reached XP level 2. HP: 11/14 MP: 3/3
   614 | D:2      | Reached XP level 3. HP: 18/18 MP: 4/4
   824 | D:2      | Reached skill level 7 in Stealth
   840 | D:2      | Found a sparkling altar of Nemelex Xobeh.
   922 | D:2      | Found an oddly glowing altar of Pakellas.
   922 | D:2      | Found Pakellas's Prime Provisions.
  1225 | D:2      | Reached XP level 4. HP: 14/22 MP: 5/5
  1890 | D:3      | Noticed Ijyb
  2012 | D:3      | Killed Ijyb
  2012 | D:3      | Reached XP level 5. HP: 23/25 MP: 6/6
  3133 | D:4      | Noticed a phantom
  3163 | D:4      | Slain by a phantom

Vault maps used:
D:1:      saegor_arrival_simple_d, kennysheep_decorative_pillar
D:2:      johnstein_pakellas_shop, nemelex_deck
D:3:      serial_curves, eino_curves_03, eino_curves_03, eino_curves_02,
          uniq_iyjb

Skill      XL: |  1  2  3  4 |
---------------+-------------+-----
Stealth        | 6 7 |  7.9
Dodging        | 2 3 4 |  4.4
Short Blades   | 3 |  3.5
Fighting       | |  1.5
Throwing       | |  2.0

Action                   |  1- 3 |  4- 6 || total
-------------------------+-------+-------++-------
Melee: Dagger            |    98 |   104 ||   202
  Use: Scroll            |    10 |     1 ||    11
       Potion            |       |     1 ||     1
 Stab: Sleeping          |    12 |     5 ||    17
       Distracted        |       |     1 ||     1
